 Seeded DCSS version 0.29.1-13-g9f3cf754e1 (webtiles) character file.

Game seed: 323535679049059339 (custom seed)

25 sanboga the Chopper (level 2, -6/40 HPs)
             Began as a Minotaur Berserker on Feb 2, 2023.
             Was a Follower of Trog.
             Mangled by a gnoll
             ... wielding a +0 flail
              (12 damage)
             ... on level 2 of the Dungeon.
             The game lasted 00:01:20 (1209 turns).

sanboga the Chopper (Minotaur Berserker)            Turns: 1209, Time: 00:01:21

Health: -6/40      AC:  2    Str: 21    XL:     2   Next: 82%
Magic:  0/1        EV: 12    Int:  4    God:    Trog [*.....]
Gold:   65         SH:  0    Dex:  9    Spells: 1/1 levels left

rFire   + . .      SeeInvis +   a - +0 hand axe
rCold   . . .      Faith    .   (no shield)
rNeg    . . .      Spirit   +   b - +0 animal skin
rPois   .          Reflect  .   (helmet restricted)
rElec   +          Harm     .   (no cloak)
rCorr   .          Rampage  .   (no gloves)
Will    .....                   (no boots)
Stlth   ..........              d - amulet of guardian spirit
HPRegen 0.13/turn               f - ring "Cuifoblu" {Fly rElec rF+ SInv}
MPRegen 0.07/turn               (no ring)

@: berserking, flying, very quick
A: horns 2, retaliatory headbutt
a: Renounce Religion, Berserk


You were on level 2 of the Dungeon.
You worshipped Trog.
Trog was aware of your devotion.
You visited 1 branch of the dungeon, and saw 2 of its levels.

You collected 65 gold pieces.

Inventory:

Hand Weapons
 a - a +0 hand axe (weapon)
Armour
 b - a +0 animal skin (worn)
Jewellery
 d - an amulet of guardian spirit (around neck)
 f - the ring "Cuifoblu" (left hand) {Fly rElec rF+ SInv}
   (You acquired it on level 1 of the Dungeon)

   [ring of see invisible]

   rF:        It protects you from fire.
   rElec:     It insulates you from electricity.
   SInv:      It lets you see invisible.
   Fly:       It grants you flight.
Scrolls
 h - a scroll of identify
Potions
 c - a potion of magic {unknown}
 e - a potion of curing
 g - a potion of resistance {unknown}


   Skills:
 + Level 4.0 Fighting
 + Level 4.0 Axes
 + Level 2.9 Armour
 + Level 2.7 Dodging


You had one spell level left.
You didn't know any spells.
Your spell library was empty.

Dungeon Overview and Level Annotations

Branches:
Dungeon (2/15)

Altars:


Innate Abilities, Weirdness & Mutations

You have a pair of horns on your head.
You reflexively headbutt those who attack you in melee.


Message History

You reach down and close the door.
A gnoll breaks down the door.
A kobold comes into view. It is wielding a +0 club.
There is an open door here.
You reach down and close the door.
A gnoll breaks down the door.
You see here a worm corpse.
There is an open door here.
You reach down and close the door.
A gnoll breaks down the door.
A goblin comes into view. It is wielding a +0 dagger.
There is an open door here.
You hit the goblin.
The goblin is moderately wounded.
The goblin closely misses you.
You closely miss the goblin.
The goblin is moderately wounded.
The goblin hits you but does no damage.
The gnoll hits you from afar with a +0 halberd.
* * * LOW HITPOINT WARNING * * *
The gnoll hits you from afar with a +0 halberd.
* * * LOW HITPOINT WARNING * * *
The goblin completely misses you.
You barely miss the goblin. You headbutt the goblin.
You kill the goblin!
Trog accepts your kill. The gnoll misses you.
The gnoll attacks as you move away! The gnoll misses you.
You see here a +0 dagger.
Found a stone staircase leading down.
The gnoll attacks as you move away! The gnoll hits you with a +0 flail.
* * * LOW HITPOINT WARNING * * *
Okay, then.
It was a potion of curing.
You feel better. The gnoll misses you.
You feel better. The gnoll completely misses you.
The gnoll hits you from afar with a +0 halberd!
* * * LOW HITPOINT WARNING * * *
A red film seems to cover your vision as you go berserk!
You feel yourself moving faster!
You feel mighty! The gnoll hits you with a +0 flail!
You die...

......#..#
.....#..#
#+#......#
##.#......########
#...........<.....
#.#..##...########
#######.#.###..##
#.>.....#......#
#.....g@#..###.#
#.......#..# #.#
#######g#..# #..
#g#..# ####
#K#..######.#
######g#.........#
#.......)#########
#.........# ####
#.........# .....


You could see 4 gnolls and a kobold.

Vanquished Creatures
  A worm (D:2)
  A dart slug (D:1)
  2 endoplasms (D:1)
  A giant cockroach (D:1)
  2 hobgoblins (D:1)
  A quokka (D:1)
  2 ball pythons (D:1)
  5 bats
  3 goblins
  A kobold (D:1)
  2 rats (D:1)
21 creatures vanquished.

Notes
Turn   | Place    | Note
-------+----------+-------------------------------------------
     0 | D:1      | sanboga the Minotaur Berserker began the quest for the Orb.
     0 | D:1      | Reached XP level 1. HP: 19/19 MP: 0/0
   547 | D:1      | Found a faded altar of an unknown god.
   559 | D:1      | Reached XP level 2. HP: 26/27 MP: 1/1
  1083 | D:1      | Identified a scroll of acquirement
  1083 | D:1      | Acquired the ring "Cuifoblu" {Fly rElec rF+ SInv}
  1205 | D:2      | HP: 1/27 [gnoll/+0 flail (3)]
  1209 | D:2      | Mangled by a gnoll

Illustrated notes

Levels and vault maps discovered:
D:1:      amcnicky_arrival_feature_with_door, layout_basic,
          hellmonk_ecumenical_altar_lost_god
D:2:      layout_basic, serial_shops, shop, basic_altar, grunt_ministairs_14

Skill      XL: |  1  2 |
---------------+-------+-----
Axes           | 4 |  4.0
Fighting       | 4 |  4.0
Armour         | |  2.9
Dodging        | |  2.7

Action                   || total
-------------------------++-------
Melee: Hand axe          ||    44
       Headbutt          ||     3
Invok: Berserk           ||     1
  Use: Scroll            ||     3
       Potion            ||     2
Armor: Animal skin       ||    12
Dodge: Dodged            ||    44
